 Dungeon Crawl Stone Soup version 0.32-a0-85-g672eff3212 (webtiles) character file.

Game seed: 8521783700533617625

118612 ThoughtMonitor the Brawler (level 16, -10/158 HPs)
             Began as a Naga Shapeshifter on Feb 6, 2024.
             Was the Champion of Cheibriados.
             Incinerated by a sun moth (24 damage)
             ... with a flurry of pyrophoric scales
             ... on level 1 of the Spider Nest.
             The game lasted 00:44:56 (29239 turns).

ThoughtMonitor the Brawler (Naga Shapeshifter)     Turns: 29239, Time: 00:44:57

Health: -10/158    AC: 28    Str: 32    XL:     16   Next: 77%
Magic:  31/31      EV: 17    Int: 31    God:    Cheibriados [******]
Gold:   2470       SH:  0    Dex: 28    Spells: 15/15 levels left

rFire   . .          .
                       - Unarmed
rCold   . . .        (no shield)
rNeg    + . .        G - melded +0 steam dragon scales
rPois   +            b - +1 helmet
rElec   .            V - +1 cloak
rCorr   +            A - +0 pair of gloves
SInv    +            C - +10 Black Knight's barding {ponderous, rPois rN+}
Will    ++...        Z
                       - Hermit's Pendant {Faith Invo=14 Evo=0 MP+5}
Stlth   +            O - +4 ring of protection
HPRegen 0.46/turn    R - ring of resist corrosion
MPRegen 0.22/turn

%: faith
@: on fire, maw-form, on berserk cooldown, slowed, glowing, studying Armour,
very slow
A: devouring maw, AC +5, large, see invisible, deformed body, poison resistance,
slowness 2, spit poison 1, naga tail 2
a: Spit Poison, Begin Untransformation, Renounce Religion, Bend Time, Temporal
Distortion, Slouch, Step From Time


You were on level 1 of the Spider Nest.
You worshipped Cheibriados.
Cheibriados was exalted by your worship.
You were a creature with a mouth for a stomach.
You visited 5 branches of the dungeon, and saw 24 of its levels.
You visited the Abyss 1 time.
You also visited: Ossuary and Ice Cave.

You collected 3239 gold pieces.
You spent 769 gold pieces at shops.

Inventory:

Hand Weapons
 U - the +1 flail "Ciumel" {venom, rN+ Str+4 Int+3}
   (You found it on level 2 of the Lair of Beasts)

   Str+4:     It affects your strength (+4).
   Int+3:     It affects your intelligence (+3).
   rN+:       It protects you from negative energy.
Missiles
 H - 8 throwing nets {=f!f}
Armour
 b - a +1 helmet (worn)
 h - +0 gold dragon scales {rare}
 A - a +0 pair of gloves (worn)
 C - the +10 Black Knight's barding (worn) {ponderous, rPois rN+}
   (You found it on level 5 of the Lair of Beasts)

   rPois:     It protects you from poison rN+: It protects you from negative
   energy.
 G - +0 steam dragon scales (melded)
 S - a +0 troll leather armour
 T - an orb of light
 V - a +1 cloak (worn)
Jewellery
 J - the necklace of Bloodlust {Fury *Rage Will++ Int-3 Slay+6}
   (You found it on level 1 of the Orcish Mines)

   [amulet of nothing]

   Fury:      It extends the wearer's berserk rage when killing foes.
   Int-3:     It affects your intelligence (-3).
   Slay+6:    It affects your accuracy & damage with ranged weapons and melee
   (+6).
   Will++:    It greatly increases your willpower.
   *Rage:     It berserks you when you make melee attacks (+50% chance).
 O - a +4 ring of protection (left hand)
 R - a ring of resist corrosion (right hand)
 W - a ring of magical power
 Z - the Hermit's Pendant (around neck) {Faith Invo=14 Evo=0 MP+5}
   (You bought it in a shop on level 7 of the Dungeon)

   [amulet of faith]

   Invo=14: It sets your Invocations skill to 14.
   Evo=0: It sets your Evocations skill to 0.
   Faith:     It allows you to gain divine favour quickly.
   MP+5:      It affects your magic capacity (+5).
Talismans
 d - a flux talisman
 k - a serpent talisman
 F - a maw talisman (active)
Wands
 c - a wand of acid (4)
 o - a wand of digging (10)
 y - a wand of flame (31)
 B - a wand of mindburst (39)
 L - a wand of roots (2)
Scrolls
 a - 4 scrolls of fog
 g - 2 scrolls of amnesia
 i - 5 scrolls of enchant weapon
 j - 5 scrolls of vulnerability {!r!r}
 m - 2 scrolls of revelation
 n - 2 scrolls of poison
 p - 5 scrolls of teleportation {@r4}
 q - 6 scrolls of blinking {!r}
 r - a scroll of silence {!r!r}
 u - 2 scrolls of enchant armour
 v - 2 scrolls of torment {!r}
 E - 6 scrolls of immolation {!r!r}
 M - 2 scrolls of brand weapon
 P - 3 scrolls of identify {@r1}
Potions
 e - 3 potions of attraction {!q}
 l - 2 potions of ambrosia
 s - 3 potions of cancellation {unknown}
 t - 10 potions of curing {@q1}
 w - 2 potions of lignification {!q}
 x - 4 potions of invisibility
 z - 3 potions of mutation {!q}
 I - a potion of enlightenment
 K - a potion of might
 N - 2 potions of resistance {unknown}
 Q - 2 potions of magic
 X - 2 potions of berserk rage {!q}
 Y - a potion of brilliance
Miscellaneous
 f - a phantom mirror
 D - a phial of floods


   Skills:
 + Level 13.8 Fighting
 - Level 10.0 Dodging
 * Level 19.2 Unarmed Combat
 + Level 13.8 Shapeshifting


You had 15 spell levels left.
You didn't know any spells.
Your spell library contained the following spells:

 Spells                   Type           Power      Damage    Failure   Level
 Foxfire                  Conj/Fire      0%         2x1d4     9%          1
 Kiss of Death            Conj/Necr      0%         2d5       9%          1
 Necrotise                Necr           0%         1d4       9%          1
 Shock                    Conj/Air       0%         1d3       9%          1
 Slow                     Hex            0%         N/A       9%          1
 Cigotuvi's Dreadful Rot  Necr/Alch/Air  0%         N/A       14%         2
 Call Canine Familiar     Summ           0%         N/A       26%         3
 Confusing Touch          Hex            0%         N/A       26%         3
 Frozen Ramparts          Ice            0%         1d1       26%         3
 Hailstorm                Conj/Ice       0%         3d5       26%         3
 Inner Flame              Hex/Fire       0%         N/A       26%         3
 Sigil of Binding         Hex            0%         N/A       26%         3
 Stone Arrow              Conj/Erth      0%         3d7       26%         3
 Summon Ice Beast         Ice/Summ       0%         N/A       26%         3
 Swiftness                Air            0%         N/A       26%         3
 Tukima's Dance           Hex            0%         N/A       26%         3
 Vampiric Draining        Necr           0%         2d6       26%         3
 Airstrike                Air            0%         2d(0-16)  65%         4
 Animate Armour           Summ/Erth      0%         N/A       65%         4
 Dimensional Bullseye     Hex/Tloc       0%         N/A       65%         4
 Dispel Undead            Necr           0%         3d6       65%         4
 Flame Wave               Conj/Fire      0%         2d4       65%         4
 Ignite Poison            Fire/Alch      0%         N/A       65%         4
 Leda's Liquefaction      Alch/Erth      0%         N/A       65%         4
 Manifold Assault         Tloc           0%         N/A       65%         4
 Martyr's Knell           Necr/Summ      0%         N/A       65%         4
 Olgreb's Toxic Radiance  Alch           0%         N/A       65%         4
 Passage of Golubria      Tloc           0%         N/A       65%         4
 Petrify                  Alch/Erth      0%         N/A       65%         4
 Summon Lightning Spire   Summ/Air       0%         N/A       65%         4
 Vhi's Electric Charge    Tloc/Air       0%         N/A       65%         4
 Curse of Agony           Necr           0%         N/A       94%         5
 Freezing Cloud           Conj/Ice/Air   0%         6-21      94%         5
 Irradiate                Conj/Alch      0%         3d11      94%         5
 Lee's Rapid Deconstruct  Erth           0%         3d4*      94%         5
 Metabolic Englaciation   Hex/Ice        0%         N/A       94%         5
 Yara's Violent Unravell  Hex/Alch       0%         3d3       94%         5
 Bombard                  Conj/Erth      0%         9d1       100%        6
 Dispersal                Tloc           0%         N/A       100%        6
 Plasma Beam              Fire/Air       0%         2x1d10    100%        6
 Sculpt Simulacrum        Ice/Alch       0%         N/A       100%        6
 Starburst                Conj/Fire      0%         6d3       100%        6
 Haunt                    Necr/Summ      0%         N/A       100%        7
 Ozocubu's Refrigeration  Ice            0%         4d7       100%        7
 Spellforged Servitor     Conj/Summ      0%         N/A       100%        7
 Summon Hydra             Summ           0%         N/A       100%        7
 Borgnjor's Revivificati  Necr           0%         N/A       100%        8
 Discord                  Hex            0%         N/A       100%        8
 Disjunction              Tloc           0%         N/A       100%        8
 Ignition                 Fire           0%         3d3       100%        8
 Death's Door             Necr           0%         N/A       100%        9


Dungeon Overview and Level Annotations

Branches:
Dungeon (15/15)            Temple (1/1) D:6            Lair (5/5) D:10
 Shoals (0/4) Lair:3       Spider (1/4) Lair:2        Slime (0/5) Lair:4
    Orc (2/2) D:12            Elf (0/3) Orc:2        Vaults (0/5) D:14
 Depths (0/4) D:15        Ossuary (visited)           IceCv (visited)

Altars:
Ashenzari
Cheibriados
Dithmenos
Elyvilon
Fedhas
Gozag
Hepliaklqana
Kikubaaqudgha
Makhleb
Nemelex Xobeh
Okawaru
Qazlal
Ru
Sif Muna
Trog
Uskayaw
Vehumet
Wu Jian
Xom
Yredelemnul
Zin
The Shining One
Jiyva
Lugonu

Shops:
D:5 *:   D:7 (=*   D:14 [   Orc:2 [![

Portals:
Abyss: Lair:5

Annotations:
D:14 1 transporter


Innate Abilities, Weirdness & Mutations

You are a creature with a mouth for a stomach.
Your midsection houses a second, enormous mouth.
Your serpentine skin is tough. (AC +5)
You have supernaturally acute eyesight. (SInv)
Armour fits poorly on your strangely shaped body.
Your system is resistant to poisons. (rPois)
You cover ground very slowly.
You can spit poison.
You can use your snake-like lower body to constrict enemies.


Message History

Unknown command.
You pummel the radroach!!
You devour the radroach!
You feel better.
You kill the radroach!
Cheibriados appreciates the change of pace.
The liquid fire burns you!
* * * LOW HITPOINT WARNING * * *
The sun moth bites you but does no damage.
The wolf spider barely misses you. The wolf spider bites you!
* * * LOW HITPOINT WARNING * * *
Unknown command.
You squash the sun moth like an ant!!!
You grab the sun moth. The liquid fire burns you!
* * * LOW HITPOINT WARNING * * *
You constrict the sun moth.
You hear a skittering sound.
The wolf spider hits you but does no damage.
The wolf spider bites you but does no damage.
The sun moth bites you!
* * * LOW HITPOINT WARNING * * *
The wolf spider hits you but does no damage.
The wolf spider completely misses you.
The sun moth's wings beat fiercely.
The flurry of pyrophoric scales misses you.
Unknown command.
You pound the sun moth into fine dust!!!
You devour the sun moth!
You feel better.
You kill the sun moth!
Cheibriados thoroughly appreciates the change of pace.
The liquid fire burns you!
* * * LOW HITPOINT WARNING * * *
The wolf spider hits you but does no damage.
The wolf spider misses you.
Unknown command.
Unknown command.
You pummel the wolf spider!! You grab the wolf spider.
You bite the wolf spider!! The liquid fire burns you!
* * * LOW HITPOINT WARNING * * *
You constrict the wolf spider. The wolf spider barely misses you.
The wolf spider bites you but does no damage.
You pummel the wolf spider!!
You kill the wolf spider!
Cheibriados appreciates the change of pace.
The liquid fire burns you!
* * * LOW HITPOINT WARNING * * *
Unknown command.
You feel better. The liquid fire burns you!
You die...
Cheibriados appreciates the motionlessness of death.

...#...#...#.. #. .
.....#.......#..#
..#......?...#^.....
..........#....#....
...#..>.#./#.......^...
#..#..........##^......
#....#...^.............
...^...#..#..##.........
#..#..^..#...W†...#.....
#...#......#...††s......
#........#...#.....#....
................##.....!
#.#...#..#..............
#.........†......#..#.#.
#.##.....#<.......^....[
# #..#.........^.#... .
...^.....#^#.........


You could see a wolf spider.

Vanquished Creatures
  Jorgrun (Orc:2)
  2 orc warlords
  A stone giant (Orc:1)
  An ettin (D:15)
  A fire dragon (D:15)
  An entropy weaver (shapeshifter) (D:15)
  Erolcha (D:9)
  Harold (Lair:2)
  A rakshasa (D:15)
  A great orb of eyes (D:15)
  4 ogre magi
  3 hydras
  A catoblepas (Lair:1)
  5 centaur warriors
  2 ironbound frosthearts (IceCv)
  3 boulder beetles
  A radroach (Spider:1)
  19 two-headed ogres
  2 death yaks (IceCv)
  2 tengu warriors (D:15)
  A demonic crawler (Spider:1)
  An orc high priest (Orc:1)
  4 thrashing horrors (Lair:5)
  2 skysharks
  A deep troll (Orc:1)
  4 skeletal warriors (D:13)
  An arcanist (D:13)
  A lindwurm (Lair:5)
  A sun moth (Spider:1)
  8 orc knights (Orc:2)
  3 wolf spiders (Spider:1)
  A deep elf pyromancer (D:10)
  13 ugly things
  An oklob plant (Lair:2)
  A shining eye (shapeshifter) (D:15)
  An orc sorcerer (Orc:2)
  A manticore (D:11)
  A moth of wrath (Spider:1)
  5 cyclopes
  2 kobold blastminers (Orc:2)
  2 large abominations (Lair:5)
  10 elephants (Lair:3)
  2 gargoyles
  An ice statue (IceCv)
  Joseph (D:9)
  A guardian serpent (shapeshifter) (D:15)
  2 torpor snails
  A hellion (D:14)
  An unseen horror (D:11)
  5 rime drakes
  10 cane toads
  12 komodo dragons
  2 kobold demonologists (D:13)
  An unseen horror (shapeshifter) (D:15)
  Psyche (D:10)
  5 efreet
  A tengu conjurer (D:15)
  10 trolls
  A hornet (D:10)
  A silent spectre (Orc:1)
  A queen bee (shapeshifter) (D:13)
  9 polar bears
  10 tarantellas (Spider:1)
  20 blink frogs
  A raiju (Lair:5)
  A snapping turtle (Lair:3)
  3 dream sheep (Lair:2)
  7 slime creatures
  A centaur simulacrum (D:15)
  2 culicivoras (Spider:1)
  A wyvern (shapeshifter) (Lair:5)
  A wraith (D:12)
  3 jumping spiders (Spider:1)
  A spriggan (Lair:5)
  A ynoxinul (Lair:5)
  67 yaks
  8 small abominations (Lair:5)
  A water elemental (Lair:3)
  5 wyverns
  6 basilisks
  A steam dragon (D:8)
  11 wargs
  5 redbacks (Spider:1)
  10 vampire mosquitoes
  4 chaos spawn (Lair:5)
  Menkaure (D:6)
  4 acid dragons
  12 water moccasins
  33 orc warriors
  A black bear (Lair:1)
  A sky beast (shapeshifter) (D:15)
  14 ogres
  2 ice beasts
  16 centaurs
  2 laughing skulls (D:14)
  36 wolves
  A phantom (D:6)
  Blork the orc (D:6)
  6 kobold brigands
  3 elf zombies (Ossuary)
  18 bullfrogs
  6 scorpions
  12 wights
  A hornet simulacrum (D:14)
  11 killer bees
  A howler monkey (D:6)
  A crimson imp (D:7)
  2 human zombies (Ossuary)
  A centaur zombie (Ossuary)
  2 jellies (D:4)
  10 orc priests
  3 hounds
  A gnoll bouda (D:8)
  An iguana (shapeshifter) (D:15)
  5 iguanas
  17 orc wizards
  3 hound zombies (Ossuary)
  2 mummies (Ossuary)
  7 gnolls
  7 adders
  2 shadow imps
  6 ufetubi
  2 dart slugs
  3 ribbon worms (Lair:2)
  83 orcs
  7 bats
  11 endoplasms
  6 giant cockroaches
  5 gnoll zombies (Ossuary)
  8 goblins
  3 hobgoblins
  4 jackals (D:4)
  5 quokkas
  4 ball pythons
  A goblin skeleton (D:7)
  4 hobgoblin zombies (D:7)
  10 jackal zombies (Ossuary)
  38 kobolds
  3 kobold skeletons (D:7)
  9 kobold zombies
  6 orc zombies (Ossuary)
  5 rats
825 creatures vanquished.

Vanquished Creatures (collateral kills)
  2 slime creatures (D:12)
2 creatures vanquished.

Grand Total: 827 creatures vanquished

Notes
Turn   | Place    | Note
-------+----------+-------------------------------------------
     0 | D:1      | ThoughtMonitor the Naga Shapeshifter began the quest for
                  | the Orb.
     0 | D:1      | Reached XP level 1. HP: 18/18 MP: 1/1
    95 | D:1      | Reached XP level 2. HP: 23/25 MP: 2/2
   514 | D:1      | Reached XP level 3. HP: 31/31 MP: 3/3
  2058 | D:3      | Reached XP level 4. HP: 38/38 MP: 4/4
  2290 | D:3      | Noticed a scorpion
  2299 | D:3      | Killed a scorpion
  2300 | D:3      | Reached XP level 5. HP: 34/44 MP: 5/5
  3121 | D:4      | Reached XP level 6. HP: 18/51 MP: 6/6
  3278 | D:4      | Found a sand-covered staircase.
  3324 | Ossuary  | Entered an ossuary
  3589 | Ossuary  | Reached skill level 4 in Unarmed Combat
  3589 | Ossuary  | Reached skill level 6 in Shapeshifting
  3645 | Ossuary  | Reached XP level 7. HP: 42/58 MP: 7/7
  4008 | D:5      | Entered Level 5 of the Dungeon
  4286 | D:4      | Reached skill level 5 in Unarmed Combat
  4639 | D:4      | Reached XP level 8. HP: 23/68 MP: 8/8
  4824 | D:4      | Reached skill level 3 in Fighting
  4827 | D:4      | Reached skill level 3 in Dodging
  5632 | D:5      | Reached skill level 6 in Unarmed Combat
  5645 | D:5      | Found Etotutza's Book Shoppe.
  5783 | D:5      | Found Bawn's Assorted Antiques.
  5788 | D:5      | Bought a scroll labelled DOAWAF MIOQ for 28 gold pieces
  5788 | D:5      | Bought a scroll labelled HEFFOTYCRAR for 28 gold pieces
  5788 | D:5      | Bought a scroll labelled HEFFOTYCRAR for 28 gold pieces
  5788 | D:5      | Bought a scroll labelled LAMYXK FAOCS for 28 gold pieces
  5788 | D:5      | Bought a black potion for 25 gold pieces
  6185 | D:6      | Found a broken altar of Ashenzari.
  6185 | D:6      | Noticed Menkaure
  6198 | D:6      | Killed Menkaure
  6794 | D:6      | Reached XP level 9. HP: 57/78 MP: 9/9
  6816 | D:6      | Reached skill level 7 in Unarmed Combat
  6934 | D:6      | Noticed Blork the orc
  6945 | D:6      | Killed Blork the orc
  7072 | D:6      | Noticed a two-headed ogre
  7088 | D:6      | Killed a two-headed ogre
  7197 | D:6      | Found a staircase to the Ecumenical Temple.
  7261 | D:6      | Reached skill level 8 in Unarmed Combat
  7494 | Temple   | Entered the Ecumenical Temple
  7765 | D:7      | Found Eckall's General Store.
  7885 | D:7      | Found Tyanasm's Jewellery Shop.
  7949 | D:7      | Found a glowing golden altar of the Shining One.
  8181 | D:7      | Reached XP level 10. HP: 83/90 MP: 10/10
  8207 | D:7      | Found a radiant altar of Vehumet.
  8357 | D:7      | Found Qoxkuek's Antique Weapon Shop.
  8430 | D:8      | Noticed a two-headed ogre
  8436 | D:8      | Killed a two-headed ogre
  8437 | D:8      | Reached skill level 9 in Unarmed Combat
  8606 | D:8      | Reached skill level 6 in Fighting
  8649 | D:8      | Found a hide-covered altar of Uskayaw.
  8887 | D:8      | Found a snail-covered altar of Cheibriados.
  8896 | D:8      | Became a worshipper of Cheibriados the Contemplative
  9744 | D:9      | Noticed Joseph
  9765 | D:9      | Killed Joseph
  9765 | D:9      | Reached * piety under Cheibriados
  9976 | D:9      | Reached skill level 10 in Unarmed Combat
 10325 | D:9      | Found a glowing silver altar of Zin.
 10336 | D:9      | Noticed Erolcha
 10350 | Abyss:1  | Cast into level 1 of the Abyss (Erolcha)
 10359 | D:9      | Escaped the Abyss
 10371 | D:9      | Reached ** piety under Cheibriados
 10495 | D:9      | Noticed a two-headed ogre
 10509 | D:9      | Killed a two-headed ogre
 10510 | D:9      | Reached skill level 6 in Dodging
 10510 | D:9      | Reached XP level 11. HP: 25/100 MP: 11/11
 10605 | D:9      | Killed Erolcha
 11058 | D:9      | Found a burning altar of Makhleb.
 11058 | D:9      | Noticed a balrug
 11176 | D:10     | Entered Level 10 of the Dungeon
 11193 | D:10     | Paralysed by a hornet for 3 turns
 11199 | D:10     | Reached skill level 9 in Shapeshifting
 11302 | D:10     | Noticed Psyche
 11309 | D:10     | Killed Psyche
 11310 | D:10     | Reached skill level 11 in Unarmed Combat
 11356 | D:10     | Noticed a two-headed ogre
 11403 | D:10     | Killed a two-headed ogre
 11564 | D:10     | Found a shimmering blue altar of Sif Muna.
 11574 | D:10     | Found a staircase to the Lair.
 11715 | D:10     | Reached *** piety under Cheibriados
 11876 | D:10     | Got Sif Muna's Anthology of Congregated Gusts
 11961 | D:10     | Found a shadowy altar of Dithmenos.
 11987 | D:10     | Found a basalt altar of Yredelemnul.
 11987 | D:10     | Found a shimmering altar of Xom.
 12054 | D:10     | Noticed a deep elf pyromancer
 12061 | D:10     | Killed a deep elf pyromancer
 12200 | D:11     | Noticed a manticore
 12205 | D:11     | Killed a manticore
 12315 | D:11     | Noticed a boulder beetle
 12326 | D:11     | Killed a boulder beetle
 13120 | D:12     | Noticed a boulder beetle
 13131 | D:12     | Killed a boulder beetle
 13300 | D:12     | Reached skill level 12 in Unarmed Combat
 13300 | D:12     | Reached XP level 12. HP: 111/111 MP: 12/12
 13645 | D:12     | Found a staircase to the Orcish Mines.
 13655 | D:11     | Reached **** piety under Cheibriados
 13917 | D:12     | Noticed a two-headed ogre
 13924 | D:12     | Killed a two-headed ogre
 14312 | D:12     | Noticed a two-headed ogre
 14317 | D:12     | Killed a two-headed ogre
 14494 | Lair:1   | Entered Level 1 of the Lair of Beasts
 15226 | Lair:1   | Noticed a catoblepas
 15236 | Lair:1   | Killed a catoblepas
 15237 | Lair:1   | Reached skill level 9 in Fighting
 15237 | Lair:1   | Reached skill level 13 in Unarmed Combat
 15374 | Lair:1   | You fall into a shaft and drop 1 floor!
 15768 | Lair:2   | Noticed a skyshark
 15777 | Lair:2   | Killed a skyshark
 15997 | Lair:2   | Identified a scroll of acquirement
 15997 | Lair:2   | Acquired 710 gold pieces
 16003 | Lair:2   | Noticed Harold
 16023 | Lair:2   | Killed Harold
 16024 | Lair:2   | Gained mutation: You can use your snake-like lower body to
                  | constrict enemies. [Naga growth]
 16024 | Lair:2   | Reached XP level 13. HP: 121/121 MP: 13/13
 16028 | Lair:2   | Reached ***** piety under Cheibriados
 16253 | Lair:2   | Identified the +1 flail "Ciumel" {venom, rN+ Str+4 Int+3}
 16305 | Lair:2   | Found a hole to the Spider Nest.
 16859 | D:7      | Bought the Hermit's Pendant {Faith Invo=14 Evo=0 MP+5} for
                  | 632 gold pieces
 16859 | D:7      | Found the Hermit's Pendant {Faith Invo=14 Evo=0 MP+5}
 17014 | Lair:3   | Reached skill level 14 in Unarmed Combat
 17090 | Lair:3   | Found a frozen archway.
 17134 | IceCv    | Entered an ice cave
 17613 | IceCv    | Reached ****** piety under Cheibriados
 19286 | Lair:3   | Reached skill level 9 in Dodging
 19456 | Lair:3   | Reached skill level 15 in Unarmed Combat
 19456 | Lair:3   | Reached XP level 14. HP: 107/133 MP: 18/24
 20071 | Lair:3   | Found a staircase to the Shoals.
 20366 | Lair:4   | Found a staircase to the Slime Pits.
 20366 | Lair:4   | Found a viscous altar of Jiyva.
 20577 | Lair:4   | Got the Exposition on the Fifth Circle
 21285 | Lair:5   | Entered Level 5 of the Lair of Beasts
 22071 | Lair:5   | Reached skill level 16 in Unarmed Combat
 22211 | Lair:5   | Reached skill level 12 in Shapeshifting
 22569 | Lair:5   | Found the +10 Black Knight's barding {ponderous, rPois rN+}
 22575 | Lair:5   | Found a corrupted altar of Lugonu.
 22575 | Lair:5   | Found a one-way gate to the infinite horrors of the Abyss.
 22577 | Lair:5   | Reached XP level 15. HP: 144/144 MP: 25/25
 23006 | Orc:1    | Entered Level 1 of the Orcish Mines
 23409 | Orc:1    | Noticed an orc warlord
 23426 | Orc:1    | Killed an orc warlord
 23608 | Orc:1    | Found a transporter.
 23752 | Orc:1    | Found a transporter.
 23752 | Orc:1    | Found a runed translucent door.
 23752 | Orc:1    | Found a bloodstained altar of Trog.
 23752 | Orc:1    | Found the necklace of Bloodlust {Fury *Rage Will++ Int-3
                  | Slay+6}
 23754 | Orc:1    | Noticed a deep elf sorcerer
 23760 | Orc:1    | Noticed a deep elf elementalist
 23773 | Orc:1    | Noticed a deep elf sorcerer
 23774 | Orc:1    | Noticed a deep elf elementalist
 23795 | Orc:1    | Reached skill level 12 in Fighting
 23962 | Orc:1    | Identified the +0 plate armour of Patterns {rElec Int+4}
 24180 | Orc:2    | Entered Level 2 of the Orcish Mines
 24191 | Orc:2    | Found a staircase to the Elven Halls.
 24588 | Orc:2    | Reached skill level 17 in Unarmed Combat
 24592 | Orc:2    | Found Ygoestra's Distillery.
 24913 | Orc:2    | Found Tiemnef's Armour Shop.
 25064 | Orc:2    | Found Oskited's Antique Armour Shop.
 25151 | Orc:2    | Noticed Jorgrun
 25157 | Orc:2    | Noticed an orc warlord
 25162 | Orc:2    | Killed Jorgrun
 25167 | Orc:2    | Killed an orc warlord
 25335 | Orc:2    | Found a shimmering blue altar of Sif Muna.
 26077 | D:13     | Found a white marble altar of Elyvilon.
 26649 | D:14     | Found a gate to the Vaults.
 26735 | D:14     | Found the +12 glaive of Prune {freeze, Prune}
 26781 | D:14     | Found Etaoho's Antique Armour Shop.
 26797 | D:14     | Reached skill level 18 in Unarmed Combat
 26879 | D:14     | Reached XP level 16. HP: 153/153 MP: 26/26
 26916 | D:14     | Found a transporter.
 27084 | D:14     | Found a radiant altar of Vehumet.
 27221 | D:14     | Found the +6 arbalest "Damnation" {damnation}
 27558 | D:15     | Entered Level 15 of the Dungeon
 27844 | D:15     | Found a blossoming altar of Fedhas.
 28252 | D:15     | Found a staircase to the Depths.
 28858 | Spider:1 | Entered Level 1 of the Spider Nest
 28877 | Spider:1 | Reached skill level 19 in Unarmed Combat
 29238 | Spider:1 | HP: 5/158 [burnt (10)]
 29239 | Spider:1 | Incinerated by a sun moth

Illustrated notes

Levels and vault maps discovered:
D:1:      onia_arrival_mini_maze_b, layout_loops_ring,
          nicolae_kite_square_tiling_tiny
D:2:      layout_basic, minmay_pentomino_pile
D:3:      layout_loops_ring
D:4:      layout_basic, enter_ossuary_1
D:5:      layout_loops_corners, serial_shops, shop, nicolae_take_the_stairs,
          st_stairs_1, serial_bayou_lake_a
D:6:      layout_loops_corners, nicolae_ashenzari_skybound,
          minmay_temple_entry_statues_fountains, uniq_menkaure,
          uniq_blork_the_orc
D:7:      layout_cave_pools, nicolae_tso_besieged_by_evil, marbit_many_paths,
          serial_shops, shop, shop, nicolae_shop_tiny_waterfront
D:8:      layout_basic, lemuel_round_altar, mainiacjoe_overflow_boulevard,
          lemuel_flamethrower_2
D:9:      layout_big_octagon, makhleb_altar_promises_db,
          mainiacjoe_overflow_small_starburst, uniq_erolcha, uniq_joseph
D:10:     layout_loops_ring, mainiacjoe_overflow_alcove_1,
          grunt_dithmenos_smoke_and_mirrors, mainiacjoe_overflow_divided_tiny,
          lair_entry_dummy, minmay_librarian, uniq_psyche
D:11:     layout_long_grid
D:12:     layout_long_grid, minmay_orc_entry_guard_dogs,
          kennysheep_generic_room_13
D:13:     layout_roguey, elyvilon_altar_4
D:14:     gammafunk_sealed_library, layout_irregular_city,
          minmay_misc_feat_tiny, serial_shops, shop,
          hellmonk_guarded_unrand_damnation
D:15:     gammafunk_enter_depths_forms, layout_long_grid, fedhas_altar_1,
          minmay_curled_crystal, minmay_three_doors
Temple:   nicolae_temple_bog_church
Lair:1:   layout_cave_shapes
Lair:2:   layout_roguey, nicolae_spider_entry_non_spiders,
          gauntlet_entry_generic, grunt_megastairs_2, uniq_harold
Lair:3:   layout_gridlike, minmay_shoals_entry_hut, portal_ice_cave_rime
Lair:4:   layout_gridlike, slime_entry_1
Lair:5:   hellmonk_lair_end_abyssal_woods, layout_regular_city
Spider:1: layout_spider_delve, nicolae_spider_moth_buddies, uniq_donald
Orc:1:    emtedronai_trogs_sanctum, layout_caves, serial_shops
Orc:2:    st_orc_town, layout_diamond_mine, basic_altar,
          kennysheep_orc_sif_temple, uniq_jorgrun

Skill      XL: |  1  2  3  4  5  6  7  8  9 10 11 12 13 14 15 16 |
---------------+-------------------------------------------------+-----
Shapeshifting  | 4 5 6 7 8 9 10 11 12 13 | 13.8
Dodging        | 2 3 4 6 7 8 9 10 | 10.0
Unarmed Combat | 4 5 6 8 10 12 13 15 16 18 19 | 19.2
Fighting       | 2 4 5 7 8 9 10 11 12 13 | 13.8

Action                     |  1- 3 |  4- 6 |  7- 9 | 10-12 | 13-15 | 16-18 || total
---------------------------+-------+-------+-------+-------+-------+-------++-------
  Melee: Unarmed           |   105 |   138 |   417 |   467 |   749 |   216 ||  2092
         Punch             |     2 |     3 |       |     2 |    51 |    41 ||    99
         Constrict         |       |       |       |    56 |   209 |    59 ||   324
         Maw               |       |       |       |       |   117 |    98 ||   215
 Invoke: Slouch            |       |       |       |       |    12 |       ||    12
         Step From Time    |       |       |       |       |       |     1 ||     1
Ability: Spit Poison       |    13 |    15 |    41 |    13 |     8 |       ||    90
  Evoke: Wand              |       |       |     7 |    10 |     3 |       ||    20
    Use: Potion            |     2 |     1 |     3 |     3 |     3 |     3 ||    15
         Scroll            |       |       |    13 |    10 |    13 |       ||    36
   Stab: Sleeping          |       |       |       |     4 |    10 |     2 ||    16
         Distracted        |       |       |       |     1 |     2 |       ||     3
 Armour: Animal skin       |    85 |    11 |       |       |       |       ||    96
         Skin              |     2 |    88 |   209 |   325 |   611 |   391 ||  1626
  Dodge: Dodged            |    62 |    83 |   295 |   367 |   790 |   465 ||  2062
   Form: Flux              |       |     1 |     1 |     1 |     1 |       ||     4
         Serpent           |       |       |     1 |     1 |       |       ||     2
         Beast             |       |       |       |     2 |       |       ||     2
         Maw               |       |       |       |       |     1 |       ||     1

Table legend: (Time is in decaauts)
 A = Elapsed time spent in this place.
 B = Non-inter-level travel time spent in this place.
 C = Inter-level travel time spent in this place.
 D = Time resting spent in this place.
 E = Time spent auto-exploring this place.
 F = Levels seen in this place.
 G = Mean time per level.
                   A        B        C        D        E       F      G
               +--------+--------+--------+--------+--------+-----+--------+
         Total |  43700 |  38555 |   5145 |   5853 |  27304 |  27 | 1618.5 |
       Dungeon |  24808 |  21667 |   3141 |   2939 |  16160 |  15 | 1653.9 |
        Temple |     24 |      0 |     24 |      0 |      0 |   1 |   24.0 |
          Lair |  10148 |   8771 |   1377 |   1129 |   6526 |   5 | 2029.6 |
   Spider Nest |    140 |    140 |      0 |      0 |      5 |   1 |  140.0 |
  Orcish Mines |   5267 |   4667 |    600 |    467 |   3413 |   2 | 2633.5 |
         Abyss |     15 |     15 |      0 |      0 |      0 |   1 |   15.0 |
       Ossuary |    660 |    660 |      0 |    158 |    245 |   1 |  660.0 |
      Ice Cave |   2635 |   2635 |      0 |   1158 |    952 |   1 | 2635.0 |
               +--------+--------+--------+--------+--------+-----+--------+

Top non-repeatable levels by time:
   Orc:2: 3004 daAuts
   IceCv: 2635 daAuts
  Lair:5: 2482 daAuts
  Lair:2: 2329 daAuts
    D:15: 2306 daAuts
   Orc:1: 2262 daAuts
     D:9: 1972 daAuts
  Lair:1: 1966 daAuts
    D:14: 1914 daAuts
    D:10: 1914 daAuts
     D:8: 1860 daAuts
    D:12: 1850 daAuts
  Lair:4: 1817 daAuts
     D:6: 1811 daAuts
     D:5: 1641 daAuts
